 Dungeon Crawl Stone Soup version 0.19-a0-1193-g2641e52 (webtiles) character file.

108432 kae the Spry (level 16, -11/80 HPs)
             Began as a Spriggan Enchanter on Aug 18, 2016.
             Was the Champion of Dithmenos.
             Mangled by a moth of wrath (25 damage)
             ... on level 1 of the Spider Nest on Aug 19, 2016.
             The game lasted 01:20:22 (31834 turns).

kae the Spry (Spriggan Enchanter)                  Turns: 31834, Time: 01:20:23

Health: -11/80     AC:  8    Str: 15    XL:     16   Next: 2%
Magic:  20/33      EV: 35    Int: 19    God:    Dithmenos [******]
Gold:   1999       SH:  0    Dex: 21    Spells: 10 memorised, 16 levels left

rFire  + . .     SeeInvis +     b - +2 short sword (elec)
rCold  + + +     Gourm    .     y - +1 robe of the Tuna {*Confuse rC+++ Str+7 SInv}
rNeg   . . .     Faith    .     (shield restricted)
rPois  +         Spirit   .     R - +2 hat {Int+3}
rElec  .         Dismiss  .     H - +1 cloak
rCorr  .         Reflect  .     (gloves unavailable)
MR     ++++.     Harm     .     (boots unavailable)
Stlth  ++++++++++               S - amulet of regeneration (curse)
                                j - ring of the Octopus King {rF+ AC+1 EV+1 Str+1 Int+1 Dex+1}
                                g - ring "Leimasee" {rPois MR+ Slay+6 Stlth+}

@: wreathed by umbra, very quick
A: unfitting armour, see invisible, dopey 1, herbivore 3, speed 3, magic
resistance 1, slow metabolism 2
a: Shadow Step, Shadow Form, Renounce Religion


You were on level 1 of the Spider Nest.
You worshipped Dithmenos.
Dithmenos was exalted by your worship.
You were not hungry.

You visited 5 branches of the dungeon, and saw 25 of its levels.
You also visited: Ice Cave.

You collected 2891 gold pieces.
You spent 892 gold pieces at shops.

Inventory:

Hand Weapons
 a - a +2 dagger of venom
 b - a +2 short sword of electrocution (weapon)
 G - a +1 dagger
Armour
 y - the +1 robe of the Tuna (worn) {*Confuse rC+++ Str+7 SInv}
   (You found it on level 8 of the Dungeon)

   It affects your strength (+7).
   It renders you almost immune to cold.
   It lets you see invisible.
   It may confuse you when you take damage.
 H - a +1 cloak (worn)
 R - a +2 hat of intelligence (worn)
Jewellery
 g - the ring "Leimasee" (left hand) {rPois MR+ Slay+6 Stlth+}
   (You bought it in a shop on level 2 of the Orcish Mines)

   [ring of stealth]

   It affects your accuracy and damage with ranged weapons and melee attacks
   (+6).
   It protects you from poison.
   It affects your resistance to hostile enchantments.
   It makes you more stealthy.
 j - a ring of the Octopus King (right hand) {rF+ AC+1 EV+1 Str+1 Int+1 Dex+1}
   (You found it on level 11 of the Dungeon)

   [ring of protection from fire]

   It affects your AC (+1).
   It affects your evasion (+1).
   It affects your strength (+1).
   It affects your intelligence (+1).
   It affects your dexterity (+1).
   It protects you from fire.
 A - an uncursed amulet of magic regeneration
 S - a cursed amulet of regeneration (around neck)
Wands
 f - a wand of iceblast (6/15)
 n - a wand of digging (12/24)
 p - a wand of disintegration (5/24)
 C - a wand of polymorph (8/24)
 D - a wand of polymorph (21/24)
 F - a wand of iceblast (1/15)
 N - a wand of digging (0/24)
 V - a wand of acid (6/15)
 W - a wand of disintegration (10/24)
 Y - a wand of polymorph (7/24)
Scrolls
 k - 7 scrolls of recharging
 o - 3 scrolls of fog
 s - a scroll of blinking
 t - 11 scrolls of teleportation
 u - 7 scrolls of identify
 v - 16 scrolls of remove curse
 E - a scroll of enchant weapon
 K - 3 scrolls of fear
 M - 2 scrolls of enchant armour
 P - a scroll of magic mapping
 T - a scroll of amnesia
Potions
 e - 3 potions of ambrosia
 i - 2 potions of haste
 l - a potion of heal wounds
 m - 2 potions of agility
 x - 2 potions of curing
 z - 5 potions of flight
 B - 2 potions of might
 I - 2 potions of lignification
 J - 2 potions of resistance
 L - a potion of magic
 O - 2 potions of invisibility
 X - a potion of cancellation
Books
 q - a book of Misfortune

   Spells                             Type                      Level
   a - Confusing Touch                Hexes                        1
   b - Confuse                        Hexes                        3
   c - Gell's Gravitas                Hexes/Translocation          3
   d - Petrify                        Transmutation/Earth          4
   e - Metabolic Englaciation         Hexes/Ice                    5
   f - Yara's Violent Unravelling     Hexes/Transmutation          5
 r - a book of Party Tricks

   Spells                             Type                      Level
   a - Summon Butterflies             Summoning                    1
   b - Apportation                    Translocation                1
   c - Tukima's Dance                 Hexes                        3
   d - Alistair's Intoxication        Transmutation/Poison         5
   e - Invisibility                   Hexes                        6
 Q - a book of Changes

   Spells                             Type                      Level
   a - Beastly Appendage              Transmutation                1
   b - Sticks to Snakes               Transmutation                2
   c - Spider Form                    Transmutation/Poison         3
   d - Ice Form                       Ice/Transmutation            4
   e - Blade Hands                    Transmutation                5
 U - a book of the Earth

   Spells                             Type                      Level
   a - Leda's Liquefaction            Hexes/Earth                  4
   b - Bolt of Magma                  Conjuration/Fire/Earth       5
   c - Statue Form                    Transmutation/Earth          6
   d - Iron Shot                      Conjuration/Earth            6
   e - Shatter                        Earth                        9
Comestibles
 c - a slice of pizza
 d - 12 bread rations
 h - 11 royal jellies


   Skills:
 + Level 7.1 Fighting
 - Level 15.0 Short Blades
 - Level 16.0 Dodging
 - Level 12.1 Stealth
 - Level 12.1 Spellcasting
 * Level 11.1 Hexes
 + Level 1.1 Translocations
 - Level 14.6 Invocations


You had 16 spell levels left.
You knew the following spells:

 Your Spells              Type           Power        Failure   Level  Hunger
a - Corona                Hex            ######.      1%          1    None
b - Ensorcelled Hibernat  Hex/Ice        ####..       1%          2    None
c - Confuse               Hex            ######..     1%          3    None
d - Tukima's Dance        Hex            ######..     1%          3    None
e - Searing Ray           Conj           ##....       10%         2    None
f - Confusing Touch       Hex            ######       1%          1    None
g - Gell's Gravitas       Hex/Tloc       ####......   1%          3    None
h - Apportation           Tloc           ###.......   4%          1    None
i - Summon Butterflies    Summ           ##......     8%          1    None
j - Invisibility          Hex            ######..     12%         6    ######.


Dungeon Overview and Level Annotations

Branches:
Dungeon (15/15)            Temple (0/1) D:6            Lair (6/6) D:11
  Swamp (0/4) Lair:3       Spider (1/4) Lair:2        Slime (0/5) Lair:5
    Orc (2/2) D:11            Elf (1/3) Orc:2        Vaults (0/5) D:14
 Depths (0/5) D:15

Altars:
Cheibriados
Dithmenos
Elyvilon
Fedhas
Kikubaaqudgha
Makhleb
Nemelex Xobeh
Okawaru
Trog
Uskayaw
Xom
Yredelemnul
Zin
The Shining One
Beogh
Jiyva

Shops:
D:6 (   D:13 *   Orc:2 =(%:%

Portals:
Pandemonium: Orc:2
Trove: D:11 (give 4 potions of resistance)

Annotations:
D:5 1 exclusion
D:7 Dirtsage's ghost, novice DsMo
D:13 exclusion: obsidian statue


Innate Abilities, Weirdness & Mutations

You are tiny and cannot use many weapons and most armour.
You have supernaturally acute eyesight. (SInv)
You are a herbivore.
You cover ground extremely quickly.
You need consume almost no food.
You are dopey. (Int -2)
You are resistant to hostile enchantments. (MR+)


Message History

Aim: a moth of wrath (black smoke, resting, umbra, chance to defeat MR: 56%)
The moth of wrath's fur bristles in rage as it notices you.
The moth of wrath resists with significant effort.
Your shadow mimicks your spell!
The moth of wrath easily resists.
The jumping spider pounces on you. The jumping spider barely misses you.
The jumping spider misses you.
The jumping spider completely misses you.
The moth of wrath misses you.
Casting: Confuse
Confirm with . or Enter, or press ? or * to list all spells.
Aiming: Confuse
Press: ? - help, Shift-Dir - straight line, f/p - moth of wrath
Aim: a moth of wrath (black smoke, umbra, chance to defeat MR: 56%)
The moth of wrath resists with significant effort.
The jumping spider completely misses you.
The jumping spider misses you. The jumping spider pounces on you!!
* * * LOW HITPOINT WARNING * * *
You emit a cloud of dark smoke.
The jumping spider misses you. The moth of wrath bites you!!
You die...

##..#....§...#
#^..#.†§.....##
##...#§........# .....
#...§.§§.......#
....##§§..§§§...?..##
###...#.§§§.§§§.######
.s#...#..§§§§####§§#
..#...#...####§y§§§##
..#...#.......§s@§§.#
..#...........§§§§§##
..#...........§§§###
.................#
.....#############
.............#...#####
.............#...##..#####
............##...#...#...##
.....^##...##....#........##


You could see a moth of wrath and a jumping spider (berserk).

Vanquished Creatures
  Agnes (D:13)
  Gastronok (D:10)
  A stone giant (Orc:1)
  6 dire elephants
  The ghost of jacquesderrida the Fencer, a journeyman VSWn of Okawaru (Lair:6)
  A fire dragon (D:15)
  An ice dragon (D:15)
  4 vault guards (D:14)
  Fannar (Lair:2)
  Harold (Lair:2)
  2 hydras
  An anaconda (Lair:6)
  4 centaur warriors
  2 dancing weapons (Elf:1)
  2 tengu warriors (D:13)
  A death knight (D:11)
  Urug (Lair:2)
  A hell hog (shapeshifter) (D:14)
  4 orc high priests (Orc:2)
  2 deep elf knights (Elf:1)
  A sun demon (Orc:2)
  A sixfirhy (Orc:2)
  2 gelid demonspawn (Orc:2)
  2 deep elf archers
  4 hill giants
  A necromancer (IceCv)
  6 ugly things
  A wolf spider zombie (D:15)
  6 orc knights
  A griffon (Lair:3)
  A hornet (shapeshifter) (D:13)
  3 cyclopes
  7 orc sorcerers (Orc:2)
  A wolf spider (Spider:1)
  12 deep elf magi
  10 black mambas
  A guardian serpent (D:11)
  A smoke demon (Orc:2)
  34 elephants
  2 ice statues (IceCv)
  A centaur zombie (D:10)
  10 spiny frogs
  2 orange demons (Orc:2)
  3 centaur skeletons
  A gargoyle (D:14)
  10 ice devils (IceCv)
  3 rime drakes
  6 komodo dragons
  A yaktaur (D:14)
  2 tengu conjurers (D:14)
  3 freezing wraiths
  A demonic crawler (Spider:1)
  2 kobold demonologists
  A red devil (Orc:2)
  3 meliai (D:13)
  A hellwing (Orc:2)
  6 trolls
  2 two-headed ogres
  3 jumping spiders (Spider:1)
  A polar bear (Lair:6)
  11 slime creatures (D:15)
  10 blink frogs
  A boulder beetle (Lair:3)
  15 yaks
  A vampire (D:13)
  2 tarantellas (Spider:1)
  5 wraiths
  4 redbacks (Spider:1)
  3 hungry ghosts
  3 wyverns
  A spriggan (Lair:5)
  2 hogs (Lair:4)
  5 basilisks
  4 vampire mosquitoes (D:15)
  A mottled dragon (D:14)
  7 hippogriffs
  Duvessa (D:4)
  2 wargs (Orc:2)
  6 water moccasins
  37 orc warriors
  3 porcupines
  4 ice beasts
  4 sky beasts
  4 phantoms
  2 black bears
  2 wasps
  12 ogres
  15 centaurs
  6 wolves
  11 crocodiles
  4 big kobolds
  22 giant frogs
  8 scorpions
  A wyvern skeleton (D:11)
  Dowan (D:4)
  10 wights
  12 killer bees
  4 electric eels
  6 howler monkeys
  2 giant frog zombies
  8 crimson imps
  2 draconian simulacra (IceCv)
  8 jellies
  3 giant frog skeletons
  4 hounds
  29 orc priests
  15 orc wizards
  4 iguanas
  5 worker ants
  3 troll simulacra (IceCv)
  A killer bee zombie (D:8)
  17 sheep
  2 hound skeletons (D:4)
  3 worker ant zombies
  3 gnolls (D:9)
  4 ogre simulacra (IceCv)
  12 adders
  A naga simulacrum (IceCv)
  6 river rats (Lair:1)
  A shadow imp (D:9)
  6 oozes
  An adder skeleton (D:9)
  5 worms
  3 dart slugs
  5 giant geckos
  87 orcs
  A ball python (D:2)
  6 giant cockroaches
  3 goblins (D:2)
  3 hobgoblins
  10 jackals
  8 quokkas
  3 bats
  A giant cockroach zombie (D:5)
  2 giant newts
  23 kobolds
  A quokka skeleton (D:4)
  5 rats
  4 plants (Lair:6)
759 creatures vanquished.

Vanquished Creatures (others)
  Kirke (Lair:4)
  2 dancing weapons
  An orc warrior (D:5)
  A giant frog (Lair:4)
  An iguana (D:5)
  An orc wizard (D:5)
  A sheep (Lair:4)
  A river rat (Lair:4)
  2 orcs (D:5)
  17 fungi
  12 plants
40 creatures vanquished.

Grand Total: 799 creatures vanquished

Notes
Turn   | Place    | Note
-------+----------+-------------------------------------------
     0 | D:1      | kae the Spriggan Enchanter began the quest for the Orb.
     0 | D:1      | Reached XP level 1. HP: 9/9 MP: 5/5
   753 | D:1      | Reached XP level 2. HP: 5/13 MP: 6/6
  1555 | D:2      | Reached skill level 5 in Stealth
  1815 | D:2      | Reached XP level 3. HP: 12/16 MP: 6/8
  1837 | D:2      | Learned a level 2 spell: Ensorcelled Hibernation
  1841 | D:2      | Learned a level 3 spell: Confuse
  1914 | D:2      | Found a hide-covered altar of Uskayaw.
  2388 | D:2      | Found a basalt altar of Yredelemnul.
  2393 | D:2      | Found a glowing golden altar of the Shining One.
  2395 | D:2      | Noticed an angel
  2484 | D:2      | Found a white marble altar of Elyvilon.
  2487 | D:2      | Found a shimmering altar of Xom.
  2490 | D:2      | Found an iron altar of Okawaru.
  2557 | D:2      | Reached XP level 4. HP: 21/21 MP: 2/9
  2768 | D:3      | Found a shadowy altar of Dithmenos.
  2915 | D:3      | Found a bloodstained altar of Trog.
  2958 | D:3      | Found a blossoming altar of Fedhas.
  2959 | D:3      | Found an ancient bone altar of Kikubaaqudgha.
  3110 | D:3      | Found a burning altar of Makhleb.
  3224 | D:4      | Reached XP level 5. HP: 24/24 MP: 8/11
  3339 | D:4      | Noticed a phantom
  3356 | D:4      | Killed a phantom
  3356 | D:4      | Reached XP level 6. HP: 19/28 MP: 5/12
  3814 | D:4      | Noticed Dowan
  3820 | D:4      | Noticed Duvessa
  3821 | D:4      | Killed Dowan
  3821 | D:4      | Reached skill level 5 in Hexes
  3821 | D:4      | Reached XP level 7. HP: 32/32 MP: 14/14
  3895 | D:4      | Killed Duvessa
  3991 | D:4      | Reached skill level 5 in Short Blades
  4146 | D:5      | Entered Level 5 of the Dungeon
  4272 | D:5      | Found an iron altar of Okawaru.
  4420 | D:5      | Reached skill level 5 in Spellcasting
  4453 | D:5      | Reached XP level 8. HP: 33/36 MP: 11/16
  4530 | D:5      | Found a shimmering altar of Xom.
  4564 | D:5      | Reached skill level 10 in Stealth
  4839 | D:5      | Found a sparkling altar of Nemelex Xobeh.
  4918 | D:3      | Became a worshipper of Dithmenos the Shadowed
  4973 | D:6      | Found a staircase to the Ecumenical Temple.
  5181 | D:6      | Found a snail-covered altar of Cheibriados.
  5489 | D:6      | Found Weywi's Weapon Shop.
  6436 | D:7      | Reached * piety under Dithmenos
  6468 | D:7      | Noticed Dirtsage's ghost (novice DsMo)
  7084 | D:8      | Gained mutation: You are resistant to hostile enchantments. (MR+) [potion of beneficial mutation]
  7107 | D:8      | Reached XP level 9. HP: 39/39 MP: 19/19
  7632 | D:8      | Reached ** piety under Dithmenos
  7654 | D:8      | Got a twisted robe
  7665 | D:8      | Identified the +1 robe of the Tuna {*Confuse rC+++ Str+7 SInv} (You found it on level 8 of the Dungeon)
  8306 | D:9      | Noticed a hill giant
  8333 | D:9      | Killed a hill giant
  8333 | D:9      | Reached XP level 10. HP: 44/44 MP: 14/23
  8368 | D:9      | Reached skill level 10 in Short Blades
  8545 | D:9      | HP: 2/44 [two-headed ogre/giant spiked club (20)]
  9207 | D:9      | Reached *** piety under Dithmenos
 10061 | D:10     | Entered Level 10 of the Dungeon
 10080 | D:10     | Noticed Gastronok
 10628 | D:10     | Killed Gastronok
 10628 | D:10     | Reached XP level 11. HP: 47/47 MP: 10/25
 11222 | D:11     | Found a roughly hewn altar of Beogh.
 11222 | D:11     | Found a staircase to the Orcish Mines.
 11244 | D:11     | Reached skill level 10 in Hexes
 11248 | D:11     | Noticed a death knight
 11257 | D:11     | Reached **** piety under Dithmenos
 11304 | D:11     | Upgraded the game from 0.19-a0-1185-gacb3972 to 0.19-a0-1193-g2641e52
 11420 | D:11     | Found a staircase to the Lair.
 11880 | D:10     | Noticed a centaur warrior
 11880 | D:10     | You fall through a shaft for 2 floors!
 12044 | D:12     | Noticed a centaur warrior
 12054 | D:12     | Noticed a hill giant
 12410 | D:11     | Reached skill level 10 in Spellcasting
 12439 | D:12     | Killed a centaur warrior
 12747 | D:11     | Got a ring of the Octopus King
 12749 | D:11     | Identified a ring of the Octopus King {rF+ AC+1 EV+1 Str+1 Int+1 Dex+1} (You found it on level 11 of the Dungeon)
 12915 | D:11     | Found a portal to a secret trove of treasure.
 13468 | D:11     | Killed a death knight
 13694 | D:12     | Killed a hill giant
 14051 | D:12     | Reached ***** piety under Dithmenos
 14194 | Lair:1   | Entered Level 1 of the Lair of Beasts
 14309 | Lair:1   | Reached XP level 12. HP: 51/51 MP: 26/28
 14323 | Lair:1   | Noticed an eight-headed hydra
 14355 | Lair:1   | Killed an eight-headed hydra
 14823 | Lair:1   | Learned a level 3 spell: Tukima's Dance
 14826 | Lair:1   | Learned a level 2 spell: Searing Ray
 15218 | Lair:2   | Noticed Harold
 15233 | Lair:2   | Killed Harold
 15445 | Lair:2   | Found a hole to the Spider Nest.
 15647 | Lair:2   | Reached skill level 15 in Short Blades
 15649 | Lair:2   | Noticed Fannar
 15657 | Lair:2   | Killed Fannar
 15657 | Lair:2   | Reached skill level 1 in Fighting
 15758 | Lair:2   | Noticed Urug
 15763 | Lair:2   | Reached skill level 4 in Dodging
 15770 | Lair:2   | Killed Urug
 16097 | Lair:3   | Reached skill level 5 in Dodging
 16421 | Lair:3   | Reached skill level 6 in Dodging
 16733 | Lair:3   | Reached skill level 5 in Fighting
 16736 | Lair:3   | Reached XP level 13. HP: 63/63 MP: 26/30
 16765 | Lair:3   | Found a staircase to the Swamp.
 17061 | Lair:4   | Noticed Kirke
 17084 | Lair:4   | Killed Kirke
 17084 | Lair:4   | Reached skill level 7 in Dodging
 17312 | Lair:4   | Reached skill level 8 in Dodging
 18155 | Lair:5   | Found a viscous altar of Jiyva.
 18156 | Lair:5   | Found a staircase to the Slime Pits.
 18158 | Lair:5   | Reached skill level 9 in Dodging
 18350 | Lair:5   | Reached skill level 1 in Invocations
 18721 | Lair:5   | Reached skill level 10 in Dodging
 18819 | Lair:5   | Noticed a dire elephant
 18922 | Lair:5   | Killed a dire elephant
 19284 | Lair:6   | Entered Level 6 of the Lair of Beasts
 19299 | Lair:6   | Reached skill level 5 in Invocations
 19312 | Lair:6   | Noticed jacquesderrida's ghost (journeyman VSWn)
 19410 | Lair:6   | Killed jacquesderrida's ghost
 19749 | Lair:6   | Reached skill level 11 in Dodging
 20185 | Lair:6   | Reached XP level 14. HP: 72/72 MP: 31/31
 21741 | Lair:6   | Reached skill level 12 in Dodging
 22045 | Lair:6   | Got a twitching copper ring
 22047 | Lair:6   | Identified the ring of Jealousy {Fire rN+ MR++ MP+9} (You found it on level 6 of the Lair of Beasts)
 22470 | Lair:2   | Identified a -1 rod of clouds (11/11) (You found it on level 10 of the Dungeon)
 22520 | Orc:1    | Entered Level 1 of the Orcish Mines
 22669 | Orc:2    | Entered Level 2 of the Orcish Mines
 23240 | Orc:2    | Found a staircase to the Elven Halls.
 23269 | Orc:2    | Found Xeste's Jewellery Emporium.
 23418 | Orc:2    | Found Zeji Puh's Food Boutique.
 23421 | Orc:2    | Found Ismymp's Food Shop.
 23430 | Orc:2    | Reached ****** piety under Dithmenos
 24854 | Orc:2    | Reached skill level 10 in Invocations
 25022 | Orc:2    | Reached skill level 13 in Dodging
 26316 | Orc:2    | Found Vowky's Antique Weapon Shoppe.
 26316 | Orc:2    | Found Muceer's Book Emporium.
 26316 | Orc:2    | Found a one-way gate leading to the halls of Pandemonium.
 26471 | Orc:2    | Bought the ring "Leimasee" {rPois MR+ Slay+6 Stlth+} for 892 gold pieces
 26647 | D:13     | Reached skill level 14 in Dodging
 26683 | D:13     | Reached XP level 15. HP: 55/75 MP: 26/32
 26715 | D:13     | Found Caikol's Assorted Antiques.
 27577 | D:14     | Noticed Agnes
 27923 | D:13     | Killed Agnes
 28224 | D:14     | Found a glowing silver altar of Zin.
 28761 | D:14     | Found a gate to the Vaults.
 29003 | D:15     | Entered Level 15 of the Dungeon
 29090 | D:15     | Found a frozen archway.
 29131 | D:15     | Reached skill level 15 in Dodging
 29168 | IceCv    | Entered an ice cave
 30054 | D:15     | Found a staircase to the Depths.
 30579 | Elf:1    | Entered Level 1 of the Elven Halls
 31229 | Elf:1    | Reached skill level 16 in Dodging
 31305 | Elf:1    | Gained mutation: You are dopey. (Int -2) [a neqoxec]
 31543 | Spider:1 | Entered Level 1 of the Spider Nest
 31577 | Spider:1 | Learned a level 1 spell: Confusing Touch
 31581 | Spider:1 | Learned a level 3 spell: Gell's Gravitas
 31583 | Spider:1 | Learned a level 1 spell: Apportation
 31585 | Spider:1 | Learned a level 1 spell: Summon Butterflies
 31592 | Spider:1 | Learned a level 6 spell: Invisibility
 31615 | Spider:1 | Reached XP level 16. HP: 66/80 MP: 30/33
 31792 | Spider:1 | Reached skill level 1 in Translocations
 31834 | Spider:1 | Mangled by a moth of wrath

Vault maps used:
D:1:      sevenhm_arrival_forest_fort_small_6
D:2:      grunt_temple_overflow_holy_war, grunt_temple_overflow_diamond,
          eat_drink_and_be_merry_uskayaw, first_bread
D:3:      grunt_temple_overflow_growth_and_decay, makhleb_grotto_becter,
          lemuel_doored_altar, grunt_dithmenos_smoke
D:4:      hangedman_decor_peaks_small, serial_bayou_lagoon_b, uniq_duvessa
D:5:      kennysheep_mini, basic_altar, xom_confusion_cloud
D:6:      serial_shops, shop, kennysheep_slug_shrine
D:8:      hangedman_little_slice_of_home
D:10:     uniq_gastronok
D:11:     lair_0_dummy, david_orc_5, nicolae_trove_entry_crystal,
          nrook_guardian_serpent_double
D:13:     serial_shops, nicolae_shop_trees,
          hangedman_abyss_or_decor_lesser_grid, minivault_15
D:14:     grunt_vaults_entry_fortified, basic_altar, uniq_agnes
D:15:     grunt_enter_depths_hoard, portal_ice_cave_entry_pillars_1
Lair:1:   wad_woods_04
Lair:2:   spider_nest_entry_web_field, lab_entry_generic,
          eino_small_chamber_without_monster, serial_bayou_pond_c,
          grunt_forest_small_clearing_treed, uniq_harold, uniq_urug, uniq_fannar
Lair:3:   swamp_mist_pool, st_stairs_11
Lair:4:   serial_bayou_shore_a, uniq_kirke
Lair:5:   mu_elephants_graveyard, slime_altar_1, infiniplex_staircase_pool_2
Lair:6:   due_jungle_book, nicolae_quartered_pool_medium, serial_bayou_pond_d
Orc:2:    pf_orc_diabolical, serial_shops, nicolae_shop_trees
Elf:1:    minmay_elf_arrival_circle, kennysheep_underground_church,
          dk_noncrumbling_4, minivault_24
IceCv:    ice_cave_tombish

Skill      XL: |  1  2  3  4  5  6  7  8  9 10 11 12 13 14 15 16 |
---------------+-------------------------------------------------+-----
Hexes          | 4 5 6 8 9 11 | 11.1
Stealth        | 5 6 7 8 9 11 12 | 12.1
Spellcasting   | 3 4 5 6 8 9 11 12 | 12.1
Short Blades   | 2 3 4 5 7 9 11 13 15 | 15.0
Fighting       | 5 7 |  7.1
Dodging        | 6 11 14 16 | 16.0
Invocations    | 6 11 14 | 14.6
Translocations | 1 |  1.1

Action                   |  1- 3 |  4- 6 |  7- 9 | 10-12 | 13-15 | 16-18 || total
-------------------------+-------+-------+-------+-------+-------+-------++-------
Melee: Dagger            |    51 |       |       |       |       |       ||    51
       Short sword       |    62 |    64 |   173 |   427 |  1024 |    40 ||  1790
 Cast: Corona            |     8 |       |     5 |     4 |    22 |       ||    39
       Ensorcelled Hiber |     7 |     6 |    64 |   172 |   386 |     1 ||   636
       Confuse           |     2 |     2 |    12 |    40 |   111 |     3 ||   170
       Searing Ray       |       |       |       |     1 |       |       ||     1
       Tukima's Dance    |       |       |       |       |     5 |       ||     5
       Gell's Gravitas   |       |       |       |       |     1 |     1 ||     2
Invok: Shadow Step       |       |       |       |     4 |     4 |       ||     8
       Shadow Form       |       |       |       |       |     1 |       ||     1
Evoke: Wand              |       |       |       |       |     3 |       ||     3
  Use: Scroll            |     2 |     3 |    18 |     8 |    10 |       ||    41
       Potion            |       |       |     1 |     4 |     4 |     1 ||    10
 Stab: Sleeping          |    12 |    18 |    60 |   140 |   250 |     2 ||   482
       Confused          |       |     1 |     1 |    20 |    31 |     1 ||    54
       Distracted        |       |     1 |     2 |     3 |    12 |       ||    18
       Invisible         |       |       |       |     7 |     4 |       ||    11
  Eat: Bread ration      |       |       |     1 |     1 |       |       ||     2
       Fruit             |       |       |       |     3 |     8 |       ||    11
       Pizza             |       |       |       |       |     5 |       ||     5
       Royal jelly       |       |       |       |       |     1 |       ||     1
Armor: Robe              |    10 |     8 |    14 |    37 |    50 |     6 ||   125
Dodge: Dodged            |    70 |    24 |   108 |   272 |  1001 |   131 ||  1606
